 Dungeon Crawl Stone Soup version 0.20.1-1-g8b1a95d (webtiles) character file.

22465 equalderp2856 the Severer (level 12, -5/106 HPs)
             Began as a Minotaur Fighter on Oct 11, 2017.
             Slain by an eight-headed hydra (10 damage)
             ... while paralysed
             ... on level 1 of the Lair of Beasts.
             The game lasted 00:26:50 (12300 turns).

equalderp2856 the Severer (Minotaur Fighter)       Turns: 12300, Time: 00:26:50

Health: -5/106     AC: 22    Str: 23    XL:     12   Next: 63%
Magic:  11/11      EV:  2    Int:  7    God:
Gold:   721        SH:  0    Dex: 11    Spells: 11/11 levels left

rFire    . . .     SeeInvis +   Q - +3 trident
rCold    . . .     Gourm    .   J - +2 large shield
rNeg     . . .     Faith    .   D - +0 plate armour
rPois    .         Spirit   .   (helmet restricted)
rElec    .         Reflect  +   H - scarf {repulsion}
rCorr    .         Harm     .   n - +2 pair of gloves
MR       .....                  G - +1 pair of boots
Stlth    ..........             x - +3 amulet of reflection
Regen    0.3/turn               t - +2 ring of protection
MPRegen  0.2/turn               r - ring of see invisible

@: paralysed, fainting, repel missiles
A: retaliatory headbutt, horns 2
a: no special abilities


You were on level 1 of the Lair of Beasts.
You were fainting.

You visited 2 branches of the dungeon, and saw 12 of its levels.
You also visited: Ossuary.

You collected 721 gold pieces.

Inventory:

Hand Weapons
 a - a +0 war axe
 Q - a +3 trident (weapon)
Armour
 c - a +0 shield
 n - a +2 pair of gloves (worn)
 D - a +0 plate armour (worn)
 G - a +1 pair of boots (worn)
 H - a scarf of repulsion (worn)
 J - a +2 large shield (worn)
 M - a +0 cloak
Jewellery
 r - a ring of see invisible (right hand)
 t - a +2 ring of protection (left hand)
 x - a +3 amulet of reflection (around neck)
 C - an uncursed amulet of regeneration
Wands
 K - a wand of acid (6/15)
 O - a wand of flame (19/48)
 T - a wand of iceblast (9/15)
Scrolls
 e - 6 scrolls of magic mapping
 w - 6 scrolls of teleportation
 y - 2 scrolls of blinking
 B - a scroll of fear
 X - a scroll of fog
 Z - a scroll of remove curse
Potions
 d - 3 potions of might
 h - 4 potions of agility
 u - 4 potions of curing
 z - a potion of flight
 L - a potion of berserk rage
 U - a potion of ambrosia
 V - 2 potions of cancellation
 W - a potion of degeneration {unknown}
Books
 R - a book of Flames

   Spells                             Type                      Level
   a - Flame Tongue                   Conjuration/Fire             1
   b - Throw Flame                    Conjuration/Fire             2
   c - Conjure Flame                  Conjuration/Fire             3
   d - Inner Flame                    Hexes/Fire                   3
   e - Sticky Flame                   Conjuration/Fire             4
   f - Fireball                       Conjuration/Fire             5
Comestibles
 f - 7 bread rations
 k - 12 fruits
 m - 7 meat rations
 p - 3 royal jellies


   Skills:
 + Level 10.3 Fighting
 + Level 15.2 Axes
 + Level 9.9 Armour
 + Level 2.5 Dodging
 + Level 0.3 Stealth
 + Level 14.5 Shields
 + Level 0.5 Evocations


You had 11 spell levels left.
You didn't know any spells.

Dungeon Overview and Level Annotations

Branches:
Dungeon (11/15)            Temple (0/1) D:6            Lair (1/6) D:11
    Orc (0/2) D:9

Altars:
Gozag
Nemelex Xobeh
Qazlal
Sif Muna
Vehumet
Xom

Shops:
D:4 (*}


Innate Abilities, Weirdness & Mutations

You reflexively headbutt those who attack you in melee.
You have a pair of horns on your head.


Message History

You are fainting from starvation!
The porcupine twitches its whiskers.
You lose consciousness!
The eight-headed hydra completely misses you.
The eight-headed hydra bites you but does no damage.
The eight-headed hydra bites you.
* * * LOW HITPOINT WARNING * * *
The eight-headed hydra bites you but does no damage. x4
The eight-headed hydra bites you!
* * * LOW HITPOINT WARNING * * *
The eight-headed hydra bites you.
* * * LOW HITPOINT WARNING * * *
The eight-headed hydra bites you!
* * * LOW HITPOINT WARNING * * *
The eight-headed hydra bites you but does no damage. x2
The eight-headed hydra bites you.
* * * LOW HITPOINT WARNING * * *
The eight-headed hydra bites you but does no damage.
The eight-headed hydra bites you!
You die...

#....##.≈≈≈≈≈≈≈.........
#....##.≈≈≈≈≈≈≈.........
##...##$≈≈≈≈≈≈≈.........
#...##.≈≈≈≈≈≈≈.........
####......≈#####≈.........
#.........≈≈# #≈.........
#.#####..r≈## #≈.........
#.# ##PD≈≈####≈......... #.#
###@≈≈≈≈≈≈≈.........
##.#####...................
#..........................
##..........................
#...........................
##..........................
#..........................
##..........................
#...........................


You could see an eight-headed hydra and a porcupine.

Vanquished Creatures
  The ghost of grizmgrazm2 the Basher, a journeyman MiFi of Okawaru (Lair:1)
  Erolcha (D:9)
  3 two-headed ogres
  4 skeletal warriors
  An unseen horror (D:11)
  Pikel (D:9)
  An ugly thing (D:8)
  3 cyclopes
  Maurice (D:9)
  3 spiny frogs (Lair:1)
  2 komodo dragons (Lair:1)
  6 trolls
  A hornet (D:11)
  3 blink frogs (Lair:1)
  5 hippogriffs
  A shadow (D:11)
  4 wyverns (D:11)
  13 yaks
  4 water moccasins
  A porcupine (Lair:1)
  An ice beast (D:10)
  7 orc warriors
  A swamp drake (D:11)
  2 sky beasts
  An eye of draining (D:11)
  A necrophage (D:9)
  3 phantoms
  2 black bears
  8 ogres
  4 centaurs
  6 wolves (Lair:1)
  2 crocodiles
  A big kobold (D:11)
  8 bullfrogs
  2 scorpions
  A water moccasin skeleton (D:7)
  5 wights (D:9)
  5 killer bees (D:11)
  5 howler monkeys
  5 crimson imps
  4 jellies
  A quasit (D:5)
  Crazy Yiuf (D:7)
  A bullfrog skeleton (D:6)
  8 orc priests
  8 hounds
  3 centaur skeletons
  2 iguanas
  5 worker ants
  5 orc wizards
  2 hound skeletons
  3 mummies (Ossuary)
  3 worker ant zombies
  6 adders
  4 gnolls (D:8)
  A howler monkey skeleton (D:11)
  5 shadow imps
  An ooze (D:1)
  An adder zombie (Ossuary)
  An adder skeleton (D:8)
  A worm (D:3)
  3 dart slugs
  3 leopard geckos
  36 orcs
  4 giant cockroaches
  8 goblins
  7 hobgoblins
  A jackal (Lair:1)
  9 quokkas
  A ball python (D:6)
  5 bats
  4 frilled lizards
  4 goblin zombies (Ossuary)
  6 hobgoblin zombies (Ossuary)
  10 kobolds
  A kobold zombie (Ossuary)
  A leopard gecko skeleton (D:4)
  A quokka skeleton (D:4)
  3 quokka zombies (Ossuary)
  4 rats
  3 rat zombies (Ossuary)
309 creatures vanquished.

Vanquished Creatures (others)
  A slave (D:9)
  2 centaurs (D:11)
  A crocodile (D:11)
  A scorpion (D:9)
  An orc priest (D:4)
  An orc wizard (D:4)
  A leopard gecko (D:9)
  2 orcs (D:4)
  A giant cockroach (D:4)
  3 jackals (D:9)
  2 quokkas
  A kobold (D:11)
17 creatures vanquished.

Grand Total: 326 creatures vanquished

Notes
Turn   | Place    | Note
-------+----------+-------------------------------------------
     0 | D:1      | equalderp2856 the Minotaur Fighter began the quest for the Orb.
     0 | D:1      | Reached XP level 1. HP: 19/19 MP: 0/0
   447 | D:1      | Reached XP level 2. HP: 25/27 MP: 1/1
  1399 | D:2      | Reached XP level 3. HP: 33/33 MP: 2/2
  1431 | D:2      | Found a stormy altar of Qazlal.
  1431 | D:2      | Found a shimmering altar of Xom.
  1615 | D:2      | Reached skill level 3 in Axes
  1766 | D:3      | Found an opulent altar of Gozag.
  1794 | D:3      | Noticed a scorpion
  1802 | D:3      | Killed a scorpion
  1802 | D:3      | Reached XP level 4. HP: 34/40 MP: 3/3
  1880 | D:3      | Found a sparkling altar of Nemelex Xobeh.
  2158 | D:3      | Reached skill level 4 in Axes
  2158 | D:3      | Reached XP level 5. HP: 29/47 MP: 4/4
  2735 | D:4      | Found Imisoew's Gadget Boutique.
  2742 | D:4      | Found a radiant altar of Vehumet.
  2751 | D:4      | Found Leikaps's Antique Weapon Shop.
  2795 | D:4      | Found a sand-covered staircase.
  2800 | D:4      | Noticed an ogre
  2802 | Ossuary  | Entered an ossuary
  2814 | Ossuary  | Reached skill level 5 in Shields
  2982 | D:4      | Killed an ogre
  2982 | D:4      | Reached skill level 5 in Axes
  2982 | D:4      | Reached skill level 1 in Dodging
  2982 | D:4      | Reached XP level 6. HP: 36/55 MP: 5/5
  2990 | D:4      | Reached skill level 5 in Fighting
  3055 | D:4      | Reached skill level 5 in Armour
  3145 | D:4      | Found Pugake's General Store.
  3283 | D:4      | Reached skill level 6 in Axes
  3283 | D:4      | Reached XP level 7. HP: 61/61 MP: 6/6
  3352 | D:4      | Found a deep blue altar of Sif Muna.
  3548 | D:5      | Entered Level 5 of the Dungeon
  3756 | D:5      | Found a sparkling altar of Nemelex Xobeh.
  3990 | D:5      | Reached skill level 7 in Axes
  4511 | D:6      | Found a staircase to the Ecumenical Temple.
  4838 | D:6      | Reached XP level 8. HP: 52/70 MP: 7/7
  5148 | D:7      | Reached skill level 8 in Axes
  5491 | D:7      | Found a runed door.
  5664 | D:7      | Noticed Crazy Yiuf
  5671 | D:7      | Killed Crazy Yiuf
  5736 | D:7      | Reached skill level 9 in Axes
  5894 | D:8      | Reached XP level 9. HP: 51/78 MP: 8/8
  6188 | D:8      | Reached skill level 10 in Axes
  6277 | D:8      | Noticed a two-headed ogre
  6427 | D:8      | Killed a two-headed ogre
  6520 | D:8      | Noticed a purple ugly thing
  6531 | D:8      | Killed a purple ugly thing
  6531 | D:8      | Reached skill level 11 in Axes
  6663 | D:9      | Noticed a troll
  6675 | D:9      | Killed a troll
  6675 | D:9      | Reached XP level 10. HP: 62/86 MP: 9/9
  6709 | D:9      | Noticed Erolcha
  6717 | D:9      | Killed Erolcha
  6717 | D:9      | Reached skill level 10 in Shields
  6785 | D:9      | Noticed Pikel
  6801 | D:9      | Killed Pikel
  6829 | D:9      | Noticed Maurice
  6896 | D:9      | Reached skill level 12 in Axes
  6916 | D:9      | Noticed a cyclops
  6932 | D:9      | Killed a cyclops
  6958 | D:9      | Noticed a two-headed ogre
  6986 | D:9      | Killed a two-headed ogre
  7217 | D:9      | Reached skill level 13 in Axes
  7311 | D:9      | Reached XP level 11. HP: 79/95 MP: 10/10
  7324 | D:9      | Found a staircase to the Orcish Mines.
  7497 | D:9      | Killed Maurice
  7522 | D:9      | Identified a scroll of acquirement
  8048 | D:10     | Entered Level 10 of the Dungeon
  8876 | D:11     | Noticed an unseen horror
  8890 | D:11     | Noticed a two-headed ogre
  8892 | D:11     | Paralysed by a hornet for 2 turns
  8945 | D:11     | Killed a two-headed ogre
  8952 | D:11     | Killed an unseen horror
  9132 | D:11     | Noticed a skeletal warrior
  9132 | D:11     | Noticed a skeletal warrior
  9132 | D:11     | Noticed a skeletal warrior
  9133 | D:11     | Noticed a skeletal warrior
  9189 | D:11     | Killed a skeletal warrior
  9189 | D:11     | Reached skill level 14 in Axes
  9286 | D:10     | Killed a skeletal warrior
  9487 | D:10     | Killed a skeletal warrior
  9867 | D:10     | Killed a skeletal warrior
  9867 | D:10     | Reached XP level 12. HP: 47/106 MP: 11/11
 10356 | D:11     | Reached skill level 10 in Fighting
 10481 | D:11     | Found a staircase to the Lair.
 10844 | Lair:1   | Entered Level 1 of the Lair of Beasts
 11482 | Lair:1   | Noticed grizmgrazm2's ghost (journeyman MiFi)
 11497 | Lair:1   | Reached skill level 15 in Axes
 11552 | Lair:1   | Killed grizmgrazm2's ghost
 11909 | Lair:1   | Noticed an eight-headed hydra
 12295 | Lair:1   | Paralysed by fainting for 12 turns
 12300 | Lair:1   | HP: 5/106 [eight-headed hydra (6)]
 12300 | Lair:1   | Slain by an eight-headed hydra

Skill      XL: |  1  2  3  4  5  6  7  8  9 10 11 12 |
---------------+-------------------------------------+-----
Shields        | 4 5 6 7 9 10 12 14 | 14.5
Fighting       | 4 5 6 7 8 9 10 | 10.3
Armour         | 4 5 6 7 8 9 |  9.9
Axes           | 3 4 5 6 7 9 11 13 14 15 | 15.2
Dodging        | 1 2 |  2.5
Stealth        | |  0.3
Evocations     | |  0.5

Action                   |  1- 3 |  4- 6 |  7- 9 | 10-12 || total
-------------------------+-------+-------+-------+-------++-------
Melee: War axe           |    88 |   148 |   299 |   826 ||  1361
       Headbutt          |     7 |    28 |    53 |   190 ||   278
       Trident           |       |       |       |    11 ||    11
Evoke: Wand              |       |       |     1 |     1 ||     2
  Use: Scroll            |     4 |     2 |     6 |    17 ||    29
  Eat: Chunk             |     2 |     5 |    10 |    16 ||    33
       Fruit             |       |       |     2 |     1 ||     3
Armor: Scale mail        |    51 |       |       |       ||    51
       Chain mail        |     5 |    77 |    32 |       ||   114
       Plate armour      |       |       |   128 |   230 ||   358
Dodge: Dodged            |    32 |    30 |    68 |    91 ||   221
       Deflected         |       |       |       |     5 ||     5
Block: Shield            |    66 |   124 |   219 |   126 ||   535
       Reflection        |       |       |     2 |    24 ||    26
       Large shield      |       |       |       |   699 ||   699
